 Dungeon Crawl Stone Soup version 0.17-a0-1504-gb7d9117 (webtiles) character file.

39 HEYYEYAAE the Ruffian (level 3, -1/36 HPs)
             Began as a Troll Monk on July 8, 2015.
             Killed from afar by a white imp (9 damage)
             ... with a puff of frost
             ... summoned by Natasha
             ... on level 2 of the Dungeon.
             The game lasted 00:00:58 (814 turns).

HEYYEYAAE the Ruffian (Troll Monk)                   Turns: 814, Time: 00:00:58

Health: -1/36      AC:  5    Str: 20    XL:     3   Next: 28%
Magic:  2/2        EV: 10    Int:  6    God:
Gold:   60         SH:  0    Dex: 12    Spells: 0 memorised, 2 levels left

rFire  . . .     SeeInvis .       - Unarmed
rCold  . . .     Clarity  .     a - +0 robe
rNeg   . . .     SustAt   .     (no shield)
rPois  .         Gourm    +     (helmet restricted)
rElec  .         Spirit   .     (no cloak)
rCorr  .         Warding  .     (gloves unavailable)
rMut   .         Stasis   .     (boots unavailable)
MR     .....                    (no amulet)
Stlth  +.........               (no ring)
                                (no ring)

@: slowed, very slow, not resistant to hostile enchantments, very unstealthy
A: unfitting armour, claws 3, fast metabolism 3, gourmand, regeneration 2,
shaggy fur 1, tough skin 2
a: no special abilities


You were on level 2 of the Dungeon.
You were very full.

You visited 1 branch of the dungeon, and saw 2 of its levels.

You collected 60 gold pieces.

Inventory:

Armour
 a - a +0 robe (worn)
Scrolls
 g - a scroll of noise {unknown}
Potions
 d - a potion of curing {unknown}
 e - a potion of flight {unknown}
Books
 f - a book of the Tempests

   Spells                             Type                      Level
   a - Static Discharge               Conjuration/Air              3
   b - Lightning Bolt                 Conjuration/Air              5
   c - Fireball                       Conjuration/Fire             5
   d - Tornado                        Air                          9
   e - Shatter                        Earth                        9
Comestibles
 b - 3 bread rations
 c - a royal jelly


   Skills:
 + Level 2.7 Fighting
 + Level 0.7 Armour
 + Level 2.7 Dodging
 - Level 1.1 Stealth
 + Level 4.4 Unarmed Combat


You had 2 spell levels left.
You didn't know any spells.

Dungeon Overview and Level Annotations

Branches:
Dungeon (2/15)

Altars:

Annotations:
D:2 Natasha


Innate Abilities, Weirdness & Mutations

You are too large for most types of armour.
You have claws for hands.
Your metabolism is lightning-fast.
You like to eat raw meat.
You heal very quickly.
You are covered in fur (AC +1).
You have very tough skin (AC +2).


Message History

The shadow imp hits you but does no damage.
The white imp hits you. The white imp freezes you. Natasha claws you.
You barely miss Natasha.
The shadow imp hits you but does no damage.
The white imp hits you. The white imp freezes you. Natasha barely misses you.
There are monsters nearby!
There are monsters nearby!
There are monsters nearby!
You scratch Natasha but do no damage. The shadow imp hits you.
The white imp gestures at you. The puff of frost hits you!
* * * LOW HITPOINT WARNING * * *
Natasha howls an incantation.
You feel disoriented. Natasha casts a spell at you.
You feel yourself slow down.
You scratch Natasha but do no damage. The shadow imp misses you.
The white imp gestures at you. The puff of frost hits you!
You die...

# # #......
####...######.#. #.....
.....(..........###....#
.........##.............
.........##...###'###..#
.........#. .##.....##..
.........#...#..#.#.[#.#
......55h#...+.#(#(#.+.#
.......@.....#.)#.#..#.#
....###†###..##.....##.#
##.#.....##...###'###..#
.....###....#..........#
##..........#..).......<
###...#....#...........
)...#...)##............
### ##...##............
#....#............


You could see Natasha, a white imp and a shadow imp.

Vanquished Creatures
  A worm (D:2)
  A giant gecko (D:1)
  4 bats
  2 giant cockroaches (D:1)
  4 goblins
  5 hobgoblins
  3 jackals (D:1)
  5 kobolds
  2 ball pythons (D:2)
  A giant newt (D:2)
  3 rats (D:1)
31 creatures vanquished.

Notes
Turn   | Place    | Note
--------------------------------------------------------------
     0 | D:1      | HEYYEYAAE the Troll Monk began the quest for the Orb.
     0 | D:1      | Reached XP level 1. HP: 22/22 MP: 0/0
   215 | D:1      | Reached XP level 2. HP: 27/29 MP: 1/1
   718 | D:2      | Reached XP level 3. HP: 36/36 MP: 2/2
   804 | D:2      | Noticed Natasha
   814 | D:2      | Killed from afar by a white imp

Vault maps used:
D:1:      nicolae_arrival_somewhat_less_tricky_arrival
D:2:      zin_purify, nicolae_tso_carved_into_rock, small_statue_intersection,
          minmay_box_of_dots, uniq_natasha

Action                   || total
-------------------------++-------
Melee: Unarmed           ||    83
 Stab: Sleeping          ||     1
  Eat: Chunk             ||    11
